 Dungeon Crawl Stone Soup version 0.26-a0-712-ga5a9c9c9d0 (webtiles) character file.

Game seed: 17962906946631802886

(classic levelgen) 11310 EnegeticOcto the Cleaver (level 11, -16/100 HPs)
             Began as a Deep Dwarf Fighter on Nov 5, 2020.
             Was an Elder of Makhleb.
             Demolished by a large slime creature (22 damage)
             ... on level 12 of the Dungeon.
             The game lasted 00:05:26 (6402 turns).

EnegeticOcto the Cleaver (Deep Dwarf Fighter)       Turns: 6402, Time: 00:05:27

Health: -16/100    AC: 22    Str: 29    XL:     11   Next: 47%
Magic:  10/10      EV:  5    Int:  9    God:    Makhleb [****..]
Gold:   335        SH: 18    Dex: 12    Spells: 10/10 levels left

rFire    . . .     SeeInvis .   a - +1 war axe
rCold    . . .     Faith    .   o - +0 tower shield
rNeg     . . .     Spirit   .   z - +0 chain mail
rPois    .         Reflect  .   E - +0 helmet
rElec    .         Harm     .   q - +2 cloak
rCorr    .         Rampage  .   A - +1 pair of gloves
MR       +....                  (no boots)
Stlth    ..........             (no amulet)
HPRegen  0.00/turn              v - +4 ring of protection
MPRegen  0.12/turn              x - +6 ring of strength

@: lethally poisoned (-16 -> -31), non-regenerating
A: damage resistance, heal wounds, sense surroundings 2, no regeneration
a: Heal Wounds, Minor Destruction, Lesser Servant of Makhleb, Major Destruction,
Renounce Religion


You were on level 12 of the Dungeon.
You worshipped Makhleb.
Makhleb was greatly pleased with you.
You visited 1 branch of the dungeon, and saw 12 of its levels.
You also visited: Sewer.

You collected 509 gold pieces.
You spent 174 gold pieces at shops.

Inventory:

Hand Weapons
 a - a +1 war axe (weapon)
Armour
 o - a +0 tower shield (worn)
 q - a +2 cloak (worn)
 z - a +0 chain mail (worn)
 A - a +1 pair of gloves (worn)
 E - a +0 helmet (worn)
Jewellery
 f - a +4 ring of evasion
 v - a +4 ring of protection (left hand)
 x - a +6 ring of strength (right hand)
Wands
 r - a wand of paralysis (10)
 y - a wand of iceblast (5) {@v2}
Scrolls
 c - a scroll of fear
 g - a scroll of enchant armour
 i - 3 scrolls of teleportation {@r3}
 m - 4 scrolls of magic mapping {@r5}
 p - a scroll of fog
 s - a scroll of remove curse {@r2}
 w - 4 scrolls of enchant weapon
Potions
 b - a potion of brilliance
 d - 3 potions of might {@q3}
 e - 6 potions of flight
 h - 3 potions of mutation
 j - 6 potions of heal wounds {@q2}
 k - a potion of degeneration
 l - 6 potions of curing {@q1}
 n - 3 potions of haste {@q4}
 t - 3 potions of stabbing
 u - a potion of magic
 D - a potion of lignification {unknown}
 F - a potion of cancellation {unknown}
Miscellaneous
 B - a lightning rod (4/4)


   Skills:
 + Level 7.6 Fighting
 * Level 11.9 Axes
 + Level 9.1 Armour
 + Level 9.1 Shields
 + Level 7.3 Invocations
 + Level 3.8 Evocations


You had 10 spell levels left.
You didn't know any spells.
Your spell library was empty.

Dungeon Overview and Level Annotations

Branches:
Dungeon (12/15)            Temple (0/1) D:7            Lair (0/6) D:9
  Sewer (visited)
    Orc: D:9-12

Altars:
Cheibriados
Dithmenos
Elyvilon
Gozag
Kikubaaqudgha
Makhleb
Nemelex Xobeh
Okawaru
Ru
Sif Muna
Yredelemnul
Zin

Shops:
D:5 :   D:6 !   D:7 =   D:9 *=


Innate Abilities, Weirdness & Mutations

You are resistant to damage.
You can heal yourself by infusing magical energy.
You passively map the area around you.
You do not regenerate.


Message History

The slime creature hits you but does no damage.
The large slime creature hits you.
You block the large slime creature's attack.
The orc wizard hits you but does no damage.
The green ugly thing trunk-slaps you but does no damage.
You block the vampire mosquito's attack.
You hit the slime creature.
The slime creature is severely wounded.
Your chain mail prevents you from hitting the large slime creature.
You slash the large slime creature! You barely miss the green ugly thing.
You hit the slime creature. You hit the orc wizard.
Your shield prevents you from hitting the vampire mosquito.
You block the vampire mosquito's attack.
The orc wizard hits you but does no damage.
The orc priest mumbles some strange prayers to Beogh against you.
Beogh smites you! The slime creature closely misses you.
The slime creature barely misses you.
You block the large slime creature's attack.
The large slime creature hits you.
You block the green ugly thing's attack.
The vampire mosquito bites you but does no damage.
You slash the slime creature!
The slime creature is almost dead.
You hit the large slime creature. You slice the large slime creature!!
You hit the green ugly thing. You hit the slime creature.
You slash the orc wizard!
You kill the orc wizard!
Makhleb accepts your kill.
You feel better.
You closely miss the vampire mosquito.
You block the vampire mosquito's attack.
The phantom blinks!
You block the slime creature's attack. The large slime creature hits you!!
* * * LOW HITPOINT WARNING * * *
The slime creature hits you but does no damage.
The large slime creature hits you but does no damage.
The green ugly thing trunk-slaps you.
* * * LOW HITPOINT WARNING * * *
You are too injured to fight recklessly!
You are too injured to fight recklessly!
You are too injured to fight recklessly!
You are too injured to fight recklessly!
You are too injured to fight recklessly!
You are too injured to fight recklessly!
You are too injured to fight recklessly!
You are too injured to fight recklessly!
You are too injured to fight recklessly!
You are too injured to fight recklessly!
You are too injured to fight recklessly!
You are too injured to fight recklessly!
You are too injured to fight recklessly!
You are too injured to fight recklessly!
You are too injured to fight recklessly!
You are too injured to fight recklessly!
You are too injured to fight recklessly!
You are too injured to fight recklessly!
You are too injured to fight recklessly!
You are too injured to fight recklessly!
You are too injured to fight recklessly!
You are too injured to fight recklessly!
You are too injured to fight recklessly!
You are too injured to fight recklessly!
You are too injured to fight recklessly!
You are too injured to fight recklessly!
You are too injured to fight recklessly!
You are too injured to fight recklessly!
You fail to use your ability.
You block the vampire mosquito's attack. x2
You block the slime creature's attack.
The large slime creature hits you but does no damage.
You block the slime creature's attack.
The large slime creature hits you but does no damage.
You block the green ugly thing's attack.
Your magical essence is drained by the effort!
You feel much better.
The vampire mosquito bites you but does no damage.
You block the vampire mosquito's attack.
You block the slime creature's attack. x2; The large slime creature hits you!!
* * * LOW HITPOINT WARNING * * *
The large slime creature hits you. The green ugly thing trunk-slaps you!
* * * LOW HITPOINT WARNING * * *
You are lethally poisoned!
The green ugly thing poisons you!
You are too injured to fight recklessly!
You are too injured to fight recklessly!
You are too injured to fight recklessly!
You are too injured to fight recklessly!
You are too injured to fight recklessly!
You are too injured to fight recklessly!
You are too injured to fight recklessly!
You are too injured to fight recklessly!
You are too injured to fight recklessly!
You fail to use your ability.
* * * LOW HITPOINT WARNING * * *
You feel very sick.
The vampire mosquito bites you but does no damage.
You block the vampire mosquito's attack.
The slime creature hits you. You block the slime creature's attack.
The large slime creature hits you but does no damage.
The large slime creature hits you!!
You die...

....# #........# ....#
#........#
....###........#
....##..##.####### ####
....#..###.###...##...##
....#.####.##..........#
........................*
....#.####.#...y.)......*
......# #.#.†ZJ@J......*
.....## #.##.oJJu.....#
.##..# #.###.WJ.....##
.##.## #.# ###o######
.##.# * #.#* #o# .##..
..,


ZoZ ... * > *.#.Z# <.. ,, Z.ZZ## # *** #Z Z.. ** You could see a green ugly
thing, 2 large slime creatures, 2 slime creatures, a phantom, a vampire
mosquito, a jelly, an orc priest, 3 orcs, 2 orc zombies, 2 ogre zombies, an orc
skeleton and a centaur warrior skeleton.

Vanquished Creatures
  A boulder beetle (D:11)
  A centaur warrior (D:11)
  A two-headed ogre (D:10)
  A tengu warrior (D:11)
  A cyclops (D:11)
  Maggie (D:7)
  A tengu conjurer (D:11)
  A troll (D:10)
  A wraith (D:12)
  3 yaks (D:12)
  A vampire mosquito (D:12)
  3 wargs (D:9)
  3 water moccasins
  5 orc warriors
  5 ice beasts
  2 black bears
  A phantom (D:5)
  3 ogres
  8 sky beasts
  An eye of draining (D:11)
  4 centaurs
  5 bullfrogs
  2 big kobolds
  A wyvern skeleton (D:11)
  7 scorpions
  A water moccasin skeleton (D:6)
  5 killer bees (D:10)
  9 wights
  2 howler monkeys
  2 centaur zombies
  A bullfrog zombie (D:12)
  4 jellies
  4 centaur skeletons
  4 orc priests
  10 hounds
  11 orc wizards
  3 bullfrog skeletons
  3 iguanas
  9 worker ants
  2 hound skeletons
  2 hound zombies
  3 worker ant zombies
  A howler monkey zombie (D:7)
  10 adders
  3 gnolls (D:6)
  2 oozes (Sewer)
  2 adder zombies (D:9)
  2 adder skeletons
  4 worms
  2 dart slugs (D:3)
  10 leopard geckos
  30 orcs
  7 giant cockroaches
  4 goblins (D:3)
  A hobgoblin (D:2)
  4 jackals (D:5)
  29 kobolds
  7 quokkas
  2 ball pythons (Sewer)
  4 bats
  6 frilled lizards
  A jackal skeleton (D:5)
  A quokka skeleton (D:8)
  4 rats
  A spectral orc (D:7)
275 creatures vanquished.

Vanquished Creatures (others)
  3 bushes (D:12)
  2 fungi (Sewer)
  A plant (Sewer)
6 creatures vanquished.

Grand Total: 281 creatures vanquished

Notes
Turn   | Place    | Note
-------+----------+-------------------------------------------
     0 | D:1      | EnegeticOcto the Deep Dwarf Fighter began the quest for the
                  | Orb.
     0 | D:1      | Reached XP level 1. HP: 20/20 MP: 1/1
   105 | D:2      | Reached XP level 2. HP: 21/27 MP: 2/2
   135 | D:2      | Found a shadowy altar of Dithmenos.
   165 | D:2      | Reached skill level 3 in Axes
   195 | D:3      | Reached XP level 3. HP: 22/34 MP: 3/3
   444 | D:4      | Found a shimmering blue altar of Sif Muna.
   536 | D:4      | Reached XP level 4. HP: 32/42 MP: 3/3
   573 | D:4      | Noticed an ogre
   586 | D:4      | Killed an ogre
   586 | D:4      | Reached skill level 4 in Axes
   586 | D:4      | Reached XP level 5. HP: 42/49 MP: 4/4
   761 | D:4      | Found a glowing drain.
   767 | D:4      | Reached XP level 6. HP: 44/56 MP: 5/5
   782 | Sewer    | Entered a sewer
  1247 | D:4      | Reached skill level 5 in Axes
  1266 | D:5      | Entered Level 5 of the Dungeon
  1386 | D:5      | Found Omuyj's Book Shop.
  1433 | D:5      | Reached XP level 7. HP: 40/64 MP: 6/6
  1476 | D:5      | Reached skill level 5 in Armour
  1656 | D:5      | Reached skill level 6 in Axes
  1656 | D:5      | Reached skill level 5 in Shields
  1799 | D:6      | Reached XP level 8. HP: 51/73 MP: 7/7
  1835 | D:6      | Reached skill level 7 in Axes
  1836 | D:6      | Found Edigi's Distillery.
  1839 | D:6      | Bought a potion of haste for 110 gold pieces
  1862 | D:6      | Found a snail-covered altar of Cheibriados.
  1969 | D:6      | Reached skill level 5 in Fighting
  2015 | D:6      | Reached skill level 8 in Axes
  2244 | D:6      | Found an opulent altar of Gozag.
  2397 | D:7      | Found a burning altar of Makhleb.
  2397 | D:7      | Found an iron altar of Okawaru.
  2406 | D:7      | Became a worshipper of Makhleb the Destroyer
  2460 | D:7      | Found a staircase to the Ecumenical Temple.
  2506 | D:7      | Gained mutation: You passively map the area around you.
                  | [Deep Dwarf growth]
  2506 | D:7      | Reached XP level 9. HP: 67/81 MP: 8/8
  2614 | D:7      | Found a white marble altar of Elyvilon.
  2653 | D:7      | Reached skill level 1 in Invocations
  2737 | D:7      | Found an ancient bone altar of Kikubaaqudgha.
  2875 | D:7      | Found a basalt altar of Yredelemnul.
  2959 | D:7      | Noticed Maggie
  2973 | D:7      | Killed Maggie
  2973 | D:7      | Reached skill level 9 in Axes
  3003 | D:7      | Found Suhag's Jewellery Boutique.
  3117 | D:8      | Found a glowing silver altar of Zin.
  3260 | D:8      | Found a sparkling altar of Nemelex Xobeh.
  3595 | D:8      | Reached * piety under Makhleb
  3604 | D:8      | Found a sacrificial altar of Ru.
  4361 | D:9      | Reached XP level 10. HP: 55/91 MP: 10/10
  4369 | D:9      | Reached skill level 10 in Axes
  4377 | D:9      | Found a staircase to the Lair.
  4449 | D:9      | Found Buotueff's Assorted Antiques.
  4459 | D:9      | Bought a scroll labeled NAGEUPNA ICKITZ for 32 gold pieces
  4459 | D:9      | Bought a scroll labeled YRIGOE DUAHIHU for 32 gold pieces
  4566 | D:9      | Reached ** piety under Makhleb
  4611 | D:9      | Found Plog's Jewellery Boutique.
  5007 | D:10     | Entered Level 10 of the Dungeon
  5021 | D:10     | Noticed a two-headed ogre
  5034 | D:10     | Killed a two-headed ogre
  5034 | D:10     | Reached skill level 5 in Invocations
  5129 | D:10     | Reached *** piety under Makhleb
  5130 | D:10     | Reached skill level 11 in Axes
  5495 | D:11     | Noticed a tengu warrior
  5510 | D:11     | Killed a tengu warrior
  5510 | D:11     | Reached skill level 1 in Evocations
  5516 | D:11     | Noticed a boulder beetle
  5583 | D:11     | Killed a boulder beetle
  5583 | D:11     | Reached XP level 11. HP: 56/100 MP: 11/11
  5622 | D:11     | Noticed a centaur warrior
  5650 | D:11     | Killed a centaur warrior
  6310 | D:12     | Reached **** piety under Makhleb
  6366 | D:12     | Noticed a green ugly thing
  6402 | D:12     | Demolished by a large slime creature

Illustrated notes

Levels and vault maps discovered:
D:1:      dpeg_arrival_lava_altar, layout_basic
D:2:      layout_rooms, nicolae_overflow_hidden_temple, marbit_many_paths
D:3:      layout_rooms
D:4:      layout_basic, gup_sewer_entry_pipe, led_sif_pool
D:5:      layout_basic, serial_shops, shop
D:6:      layout_basic, grunt_gozag_statues, nicolae_overflow_crystal_walls,
          serial_shops, kennysheep_mini, kennysheep_generic_room_14
D:7:      layout_rooms, lemuel_coloured_pillars_altar,
          yredelemnul_forgotten_temple_becter, lemuel_crystal_altar,
          chequers_temple_overflow_statue_of_worship, minmay_temple_entry_wispy,
          serial_shops, nicolae_shop_temple_entry_statues_fountains,
          minmay_between, uniq_maggie
D:8:      layout_basic, kennysheep_mini_moat, zin_academy,
          nicolae_ru_awakened_eye
D:9:      layout_basic, erik_lair_orcish_takeover, serial_shops,
          nicolae_shop_stone, shop
D:10:     layout_big_octagon
D:11:     layout_loops_ring, eino_small_chamber_without_monster
D:12:     layout_rooms, zombieorc2_lemuel, portal_ice_cave_entry_pillars_1,
          hex_tiny, minmay_hedge_maze

Skill      XL: |  1  2  3  4  5  6  7  8  9 10 11 |
---------------+----------------------------------+-----
Axes           | 3 4 5 6 8 9 11 | 11.9
Fighting       | 3 4 5 6 7 |  7.6
Armour         | 4 5 6 7 8 9 |  9.1
Shields        | 4 5 6 7 8 9 |  9.1
Invocations    | 4 6 7 |  7.3
Evocations     | 2 3 |  3.8

Action                   |  1- 3 |  4- 6 |  7- 9 | 10-12 || total
-------------------------+-------+-------+-------+-------++-------
Melee: War axe           |   122 |   191 |   390 |   337 ||  1040
 Abil: Heal Wounds       |     2 |     4 |     9 |    11 ||    26
  Use: Scroll            |       |       |    15 |     5 ||    20
Armor: Scale mail        |    49 |    95 |     2 |       ||   146
       Chain mail        |       |       |   170 |   181 ||   351
Dodge: Dodged            |    25 |    45 |    52 |    67 ||   189
Block: Kite shield       |    67 |    26 |       |       ||    93
       Tower shield      |       |   134 |   385 |   385 ||   904

Table legend: (Time is in decaauts)
 A = Elapsed time spent in this place.
 B = Non-inter-level travel time spent in this place.
 C = Inter-level travel time spent in this place.
 D = Time resting spent in this place.
 E = Time spent auto-exploring this place.
 F = Levels seen in this place.
 G = Mean time per level.
                   A        B        C        D        E       F      G
               +--------+--------+--------+--------+--------+-----+--------+
         Total |   6659 |   6407 |    252 |      0 |   4388 |  13 |  512.2 |
       Dungeon |   6374 |   6122 |    252 |      0 |   4240 |  12 |  531.2 |
         Sewer |    285 |    285 |      0 |      0 |    148 |   1 |  285.0 |
               +--------+--------+--------+--------+--------+-----+--------+

Top non-repeatable levels by time:
     D:8: 991 daAuts
     D:9: 936 daAuts
    D:11: 815 daAuts
     D:7: 727 daAuts
     D:4: 715 daAuts
     D:6: 674 daAuts
     D:5: 521 daAuts
    D:10: 453 daAuts
   Sewer: 285 daAuts
     D:3: 198 daAuts
     D:2: 173 daAuts
    D:12: 138 daAuts
     D:1: 31 daAuts
